 Dungeon Crawl Stone Soup version 0.20-a0-920-gb18bc0f (webtiles) character file.

1640235 Goblin1989 the Axe Maniac (level 27, 228/246 HPs)
             Began as a Barachi Fighter on Mar 22, 2017.
             Was an Initiate of Gozag.
             Escaped with the Orb
             ... and 3 runes on Mar 25, 2017!
             The game lasted 05:24:16 (84972 turns).

Goblin1989 the Axe Maniac (Barachi Fighter)        Turns: 84972, Time: 05:24:16

Health: 228/246    AC: 27    Str: 30    XL:     27
Magic:  31/31      EV: 26    Int:  6    God:    Gozag
Gold:   1916       SH: 20    Dex: 21    Spells: 18/26 levels left

rFire    + + .     SeeInvis +   a - +9 broad axe (elec)
rCold    + . .     Gourm    .   t - +4 shield of Xutua {+Inv Regen+ rCorr}
rNeg     . . .     Faith    .   D - +0 plate armour of Lies {+Fly rF++ Dex+4 Slay+3}
rPois    +         Spirit   .   l - +2 helmet of the Duchess {rCorr}
rElec    +         Reflect  .   m - scarf of Tearuovo {rElec rPois rCorr SInv}
rCorr    +         Harm     .   L - +2 pair of gloves of Okawaru's Whim {+Inv rElec MR++ Int-5}
MR       ++++.     Rnd*Rage +   q - +0 pair of boots of Hopscotch {Str+4 Int+2 Dex+3}
Stlth    ..........             r - amulet of regeneration
Regen    1.8/turn               y - +6 ring of slaying {=R}
MPRegen  0.3/turn               c - ring of protection from cold

@: gold aura, very slightly contaminated, slow
A: +LOS, swims, fangs 2, hooves 1, berserk 1, deformed body, regeneration 1,
slowness 1, weak 1, wild magic 2, strong legs 2
0: Orb of Zot
}: 3/15 runes: serpentine, barnacled, silver
a: Hop, Potion Petition, Call Merchant, Bribe Branch, Renounce Religion, Evoke
Invisibility, Evoke Flight


You escaped.
You worshipped Gozag.
Gozag was most pleased with you.
You were full.

You visited 10 branches of the dungeon, and saw 52 of its levels.
You also visited: Ice Cave, Volcano and Wizlab.

You collected 42164 gold pieces.
You spent 10517 gold pieces at shops.
You paid 29731 gold pieces to Gozag.

Inventory:

Hand Weapons
 a - a +9 broad axe of electrocution (weapon)
 b - the +12 hunting sling of Discomfort {venom, *Slow rF+ rN+ Int+3, @w1}
   (You took it off a vault sentinel on level 5 of the Vaults)

   It poisons the ammo it fires.
   It affects your intelligence (+3).
   It protects you from fire.
   It protects you from negative energy.
   It may slow you when you take damage.
Missiles
 g - 1399 stones (quivered)
 p - 346 sling bullets
 Z - 10 throwing nets {!d, =f}
Armour
 l - the +2 helmet of the Duchess (worn) {rCorr}
   (You found it on level 2 of the Vaults)

   It protects you from acid and corrosion.
 m - the scarf of Tearuovo (worn) {rElec rPois rCorr SInv}
   (You bought it in a shop on level 13 of the Dungeon)

   It insulates you from electricity.
   It protects you from poison.
   It lets you see invisible.
   It protects you from acid and corrosion.
 q - the +0 pair of boots of Hopscotch (worn) {Str+4 Int+2 Dex+3}
   (You bought it in a shop on level 1 of the Orcish Mines)

   It affects your strength (+4).
   It affects your intelligence (+2).
   It affects your dexterity (+3).
 t - the +4 shield of Xutua (worn) {+Inv Regen+ rCorr}
   (You took it off an orc warrior on level 5 of the Vaults)

   It lets you turn invisible.
   It increases your rate of regeneration.
   It protects you from acid and corrosion.
 D - the +0 plate armour of Lies (worn) {+Fly rF++ Dex+4 Slay+3}
   (You bought it in a shop on level 1 of the Orcish Mines)

   It affects your dexterity (+4).
   It affects your accuracy and damage with ranged weapons and melee attacks
   (+3).
   It greatly protects you from fire.
   It lets you fly.
 H - a +2 cloak
 L - the +2 pair of gloves of Okawaru's Whim (worn) {+Inv rElec MR++ Int-5}
   (You bought it in a shop on level 1 of the Orcish Mines)

   It affects your intelligence (-5).
   It insulates you from electricity.
   It affects your resistance to hostile enchantments.
   It lets you turn invisible.
Jewellery
 c - a ring of protection from cold (right hand)
 r - an amulet of regeneration (around neck)
 y - a +6 ring of slaying (left hand) {=R}
 C - the amulet of Wonder {+Rage +Fly Str+7 Int-3}
   (You took it off a tengu reaver on level 3 of the Depths)

   [amulet of rage]

   It affects your strength (+7).
   It affects your intelligence (-3).
   It lets you fly.
   It lets you go berserk.
 K - an uncursed ring of positive energy
Wands
 x - a wand of digging (0/24)
 U - a wand of digging (10/24)
Scrolls
 d - 3 scrolls of immolation
 h - 9 scrolls of blinking
 z - 27 scrolls of teleportation {!r, @r3}
 B - a scroll of summoning
 E - 2 scrolls of fear
 I - a scroll of enchant weapon
 M - 5 scrolls of magic mapping {!r}
 N - 7 scrolls of enchant armour
 Q - 2 scrolls of fog
 R - 6 scrolls of identify {@r1}
 X - 22 scrolls of remove curse {@r2}
 Y - 5 scrolls of recharging
Potions
 i - 5 potions of cancellation
 j - 12 potions of heal wounds {@q2, !q}
 k - 13 potions of flight
 o - 2 potions of might
 s - 4 potions of mutation
 u - 20 potions of curing {@q1}
 J - 3 potions of resistance
 O - 6 potions of agility
 S - 7 potions of berserk rage
Miscellaneous
 n - a lamp of fire
 v - 7 phantom mirrors
 A - a lightning rod (3/4)
 F - 3 sacks of spiders
 G - 4 boxes of beasts
 P - a fan of gales
 W - a phial of floods
Comestibles
 e - 6 bread rations {@e1}
 T - 34 meat rations {@e2}


   Skills:
 * Level 26.5 Fighting
 O Level 27 Axes
   Level 14.8(22.5) Maces & Flails
 - Level 14.0 Slings
 * Level 25.7 Armour
 * Level 22.8 Dodging
 - Level 15.0 Shields
 + Level 11.3 Evocations


You had 18 spell levels left.
You knew the following spells:

 Your Spells              Type           Power        Failure   Level  Hunger
a - Lesser Beckoning      Tloc           #.........   100%        3    ####...
o - Apportation           Tloc           #.....       99%         1    ##.....
B - Summon Butterflies    Summ           #.......     99%         1    ##.....
R - Regeneration          Chrm/Necr      #.........   100%        3    ####...


Dungeon Overview and Level Annotations

Branches:
Dungeon (15/15)            Temple (0/1) D:6            Lair (6/6) D:11
 Shoals (4/4) Lair:3        Snake (4/4) Lair:3        Slime (0/5) Lair:5
    Orc (2/2) D:11            Elf (3/3) Orc:2        Vaults (5/5) D:13
  Crypt (3/3) Vaults:2       Tomb (0/3) Crypt:3      Depths (5/5) D:15
    Zot (5/5) Depths:5

Altars:
Ashenzari
Cheibriados
Dithmenos
Elyvilon
Fedhas
Gozag
Hepliaklqana
Kikubaaqudgha
Makhleb
Nemelex Xobeh
Qazlal
Ru
Trog
Uskayaw
Xom
Yredelemnul
Zin
The Shining One
Jiyva
Lugonu

Shops:
D:2 *   D:4 =   D:9 [   D:11 [   D:13 [%*%=[   D:15 %   Orc:1 [[[   Orc:2 :**(
Elf:1 [=}(   Elf:2 }   Elf:3 =}}   Lair:4 *(   Snake:3 [[   Snake:4 ?
Vaults:4 *   Depths:2 !

Portals:
Hell: Depths:1 Depths:2 Depths:3 Depths:4 Depths:5
Abyss: Depths:4 Depths:5
Pandemonium: Depths:2 Depths:3 Depths:5
Ziggurat: Depths:2
Trove: D:10 (give +2 shadow dragon scales)

Annotations:
Lair:1 1 exclusion
Lair:4 exclusion: oklob plant
Elf:2 3 runed doors


Innate Abilities, Weirdness & Mutations

Shadows flee at your approach. (+LOS)
You can swim through water.
You cover ground slowly.
You can hop longer distances.
You have extremely sharp teeth.
You have large cloven feet.
You tend to lose your temper in combat.
Armour fits poorly on your strangely shaped body.
Your natural rate of healing is unusually fast.
You are weak. (Str -2)
Your spells are harder to cast, but more powerful.


Message History

The rock shatters into small pieces.
This wand has 11 charges left.
You regained 2 hp, and now have 176/246 hp.
MP restored: 31 Your extra speed is starting to run out.
You regained 2 hp, and now have 181/246 hp.
You regained 2 hp, and now have 184/246 hp.
Evoke which item? (* to show all) (? for menu, Esc to quit)
Aiming: Dig
Press: ? - help, Shift-Dir - straight line The rock shatters into small pieces.
This wand has 10 charges left.
You regained 2 hp, and now have 189/246 hp.
You feel yourself slow down.
You feel a little less clever now.
You regained 2 hp, and now have 192/246 hp.
You regained 2 hp, and now have 194/246 hp.
A green death comes into view.
You regained 2 hp, and now have 196/246 hp.
You regained 2 hp, and now have 198/246 hp.
A large abomination comes into view.
The green death gestures at you. The blast of poison misses you.
You regained 2 hp, and now have 200/246 hp.
You block the green death's attack.
You regained 2 hp, and now have 202/246 hp.
You slash the green death!
Lightning courses through the green death!
The green death is moderately wounded.
You feel a little less agile now. You block the green death's attack.
You regained 2 hp, and now have 204/246 hp.
You slice the green death!!
The green death is severely wounded.
You cut the green death into ribbons!!!
You kill the green death!
You now have 1898 gold pieces (gained 12).
You regained 4 hp, and now have 210/246 hp.
You regained 2 hp, and now have 212/246 hp.
You regained 2 hp, and now have 214/246 hp.
You feel a little less mighty now.
You regained 2 hp, and now have 216/246 hp.
You regained 2 hp, and now have 218/246 hp.
You regained 2 hp, and now have 220/246 hp.
You regained 2 hp, and now have 222/246 hp.
You regained 2 hp, and now have 224/246 hp.
You regained 2 hp, and now have 226/246 hp.
You regained 2 hp, and now have 228/246 hp.
There is a stone staircase leading up here.
You regained 2 hp, and now have 230/246 hp.
The large abomination closely misses you.
You climb upwards.
You are ready to hop once more.
There is a stone staircase leading down here.
You regained 4 hp, and now have 234/246 hp.
You slice the large abomination!!
Lightning courses through the large abomination!
You destroy the large abomination!
You regained 2 hp, and now have 236/246 hp.
You now have 1916 gold pieces (gained 18).
You regained 3 hp, and now have 239/246 hp.
HP restored.
There is an open door here.
You see here a club.
There is an open door here.
There is a staircase leading out of the dungeon here.
Health restored: 246
There is an open door here.
You open the door.
An Orb Guardian comes into view.
You can't go up here!
Unknown command.
An Orb Guardian comes into view.
There is an open door here.
The Orb Guardian closely misses you.
The Orb Guardian completely misses you. x2
The Orb Guardian misses you. The Orb Guardian hits you!!
You take 22 damage, and have 224/246 hp.
There is a staircase leading out of the dungeon, spattered with blood here.
You regained 3 hp, and now have 227/246 hp.
You cut the Orb Guardian into ribbons!!!
Lightning courses through the Orb Guardian!
The Orb Guardian is severely wounded.
You block the Orb Guardian's attack.
You miss the Orb Guardian.
The Orb Guardian is severely wounded.
You hit the Orb Guardian. You bite the Orb Guardian!!
The Orb Guardian is moderately wounded.
You slice the Orb Guardian!!
Lightning courses through the Orb Guardian!
You kill the Orb Guardian!
You block the Orb Guardian's attack.
You slash the Orb Guardian!
Lightning courses through the Orb Guardian!
You bite the Orb Guardian, but do no damage.
The Orb Guardian is severely wounded.
The Orb Guardian hits you.
You take 5 damage, and have 225/246 hp.
You open the Orb Guardian like a pillowcase!!!
You kill the Orb Guardian!
You regained 2 hp, and now have 227/246 hp.
You have escaped! .∆.........███.........∆.█ .█..████.███ ███.████..█.█ .█.█.███.█ █.███.█.█.█ .█.██.█.██ ██.█.██.█.█ .█.███.██ ██.███.█.█ .█.██.█.██ ██.█.██.█.█ .█.█.███.█ █.███.█.█.█ .█..████.███ ███$████..█.█ .▲.........███..@$.....∆.█ █████

.██.████.██.█.██.████.██.█ █....
.███.███.███.███.███.███.█ █....
.█ ██.██.██.█.██.██.██ █.█ █....
.█████.█.█.███.█.█.█████∆████....
....███...█████...███............
.██.█ ██..÷......██ █.█..........
....████▲███████∆████.█..........
..█...........██.................


There were no monsters in sight!

Vanquished Creatures
  A pandemonium lord (D:4)
  6 orbs of fire
  Mennas (Vaults:4)
  3 juggernauts
  An ancient lich (Zot:5)
  Bai Suzhen (Vaults:4)
  Margery (Vaults:2)
  Frederick (Vaults:5)
  Saint Roka (Crypt:1)
  A shard shrike (Zot:4)
  11 caustic shrikes
  Vashnia (Snake:3)
  2 Killer Klowns (Zot:4)
  A curse toe (Zot:3)
  7 golden dragons
  Jory (Crypt:1)
  The ghost of Gorice the Acrobat, a veteran KoEn of Wu Jian (Vaults:4)
  2 bone dragons
  A profane servitor (Crypt:3)
  The ghost of feamirim the Severer, an adept DsFi of Okawaru (Vaults:5)
  Jorgrun (Crypt:3)
  A hellephant (Zot:4)
  7 liches
  The ghost of nikopol the Phalangite, an adept MiBe of Trog (Elf:1)
  An electric golem (Zot:5)
  A Cloud Mage (WizLab)
  18 Orb Guardians
  Asterion (Snake:4)
  Rupert (D:13)
  20 tentacled monstrosities
  2 deep elf blademasters (Elf:3)
  2 deep elf master archers (Elf:3)
  8 quicksilver dragons
  12 titans
  2 krakens
  9 shadow dragons
  An Executioner (D:4)
  6 death cobs
  5 ancient champions
  6 sphinxes
  Kirke (D:12)
  Frances (D:13)
  23 storm dragons
  Donald (Snake:3)
  Ilsuiw (Shoals:4)
  7 tengu reavers
  4 nagarajas
  5 draconian monks
  11 frost giants
  3 revenants
  3 draconian knights
  9 fire giants
  7 deep elf sorcerers
  2 ghost moths
  Louise (Snake:4)
  2 balrugs
  3 draconian scorchers
  An iron dragon (Vaults:5)
  2 orc warlords
  Aizul (Vaults:4)
  21 vault wardens
  3 draconian stormcallers
  4 curse skulls
  15 ironheart preservers
  2 draconian shifters
  9 ghouls
  3 deep elf elementalists
  35 very ugly things
  2 draconian annihilators
  A war gargoyle (Vaults:5)
  22 stone giants
  A spriggan defender (Depths:3)
  10 green draconians
  3 entropy weavers
  12 black draconians
  5 vampire knights
  2 lorocyprocas
  12 deep elf annihilators
  The ghost of feelmyfire the Eclecticist, a journeyman VSEn of Kikubaaqudgha (Snake:1)
  15 deep elf demonologists
  13 spark wasps
  7 purple draconians
  10 red draconians
  5 yellow draconians
  Azrael (D:15)
  14 ettins
  13 white draconians
  2 eidola (Crypt:1)
  Snorg (D:14)
  A crystal guardian (Vaults:4)
  6 death oozes (Crypt:2)
  12 deep elf death magi
  A green death (D:2)
  8 merfolk impalers
  A blizzard demon (D:14)
  21 jiangshi
  3 merfolk javelineers
  12 yaktaur captains
  13 fire dragons
  3 deep elf high priests
  A monstrous demonspawn (Depths:2)
  9 great orbs of eyes
  8 ice dragons
  11 hydras
  A rakshasa (Vaults:2)
  2 merfolk avatars (Shoals:4)
  12 spriggan air magi
  A juggernaut simulacrum (Depths:4)
  36 vault guards
  12 anacondas
  13 naga warriors
  9 death knights
  10 centaur warriors
  7 merfolk aquamancers
  2 satyrs
  A spectral frost giant (Crypt:3)
  56 two-headed ogres
  14 deep troll earth magi
  3 death yaks (Lair:6)
  8 tengu warriors
  An alligator snapping turtle (Shoals:4)
  16 deep troll shamans
  An orc high priest (Orc:2)
  A titan zombie (Crypt:3)
  7 vampire magi
  15 ogre magi
  9 spriggan berserkers
  Nergalle (D:11)
  7 shock serpents
  17 naga sharpshooters
  8 spriggans
  14 hell knights
  21 deep elf knights
  A sun demon (D:5)
  3 sixfirhies
  9 iron trolls
  4 salamander mystics
  29 skeletal warriors
  6 flayed ghosts
  2 unseen horrors
  5 shadow wraiths
  10 wizards
  An entropy weaver zombie (Crypt:1)
  2 gelid demonspawn
  A glowing orange brain (shapeshifter) (Elf:3)
  53 deep trolls
  2 glowing orange brains
  An infernal demonspawn (Depths:2)
  A shadow demon (D:4)
  2 torturous demonspawn
  15 deep elf archers
  7 naga ritualists
  A shadow dragon zombie (Depths:4)
  14 sea snakes
  A large abomination (D:1)
  An obsidian statue (D:10)
  A tengu zombie (Depths:4)
  18 ironbrand convokers
  4 phantasmal warriors
  Pikel (D:7)
  12 orc knights
  A shadow dragon skeleton (Crypt:1)
  20 harpies
  2 orb spiders (Zot:3)
  A fire giant zombie (Depths:4)
  10 mana vipers
  An orc sorcerer (Orc:2)
  A glowing shapeshifter (Vaults:5)
  4 oklob plants (Lair:4)
  79 deep elf magi
  A mana viper (shapeshifter) (Depths:3)
  4 wolf spiders
  11 cyclopes
  12 necromancers
  9 manticores
  14 salamanders
  17 moths of wrath
  An elephant (shapeshifter) (Depths:1)
  Maurice (D:8)
  A frost giant zombie (Crypt:1)
  5 fauns
  A faun (shapeshifter) (Vaults:1)
  5 ice statues (IceCv)
  34 ugly things
  2 frost giant skeletons
  10 elephants (Lair:6)
  28 naga magi
  27 black mambas
  7 water nymphs
  A human skeleton (Vaults:3)
  An iron dragon skeleton (Crypt:1)
  3 guardian serpents
  A molten gargoyle (Volcano)
  15 vault sentinels
  A black mamba (shapeshifter) (Vaults:5)
  8 merfolk sirens
  A rust devil (D:8)
  2 centaur skeletons (D:15)
  A dire elephant skeleton (Crypt:2)
  15 spiny frogs
  5 gargoyles
  A yaktaur zombie (Vaults:3)
  45 yaktaurs
  8 komodo dragons
  A tormentor (D:10)
  A white draconian zombie (Crypt:1)
  2 rime drakes
  10 freezing wraiths
  A hellion (D:10)
  An entropy weaver simulacrum (Vaults:1)
  A rime drake (shapeshifter) (Vaults:3)
  3 ice devils
  A golden dragon simulacrum (IceCv)
  2 anaconda simulacra (IceCv)
  3 efreet
  5 hellwings (Depths:1)
  2 tengu conjurers (Depths:2)
  7 red devils
  2 polar bears (Lair:6)
  3 jumping spiders
  5 trolls
  A wind drake (shapeshifter) (D:13)
  A harpy zombie (Crypt:2)
  40 merfolk
  8 wind drakes
  2 meliai (shapeshifter)
  12 hornets
  Prince Ribbit (D:9)
  2 jumping spiders (shapeshifter)
  A blink frog (shapeshifter) (Depths:2)
  A wolf spider simulacrum (Crypt:1)
  19 blink frogs
  13 snapping turtles
  15 hippogriffs
  11 slime creatures
  3 bog bodies
  An ettin zombie (Crypt:1)
  A fire giant simulacrum (Crypt:1)
  5 dream sheep
  2 ettin skeletons
  37 flying skulls (Crypt:3)
  A stone giant simulacrum (Vaults:3)
  A redback (shapeshifter) (Vaults:4)
  3 spriggans (shapeshifter)
  57 air elementals
  6 shadows
  6 redbacks
  A guardian serpent skeleton (Crypt:2)
  2 tarantellas
  11 wraiths
  An elf zombie (Depths:4)
  22 water elementals
  A yak (shapeshifter) (Vaults:5)
  33 yaks
  5 wyverns
  4 basilisks
  8 fire elementals
  5 hogs (D:12)
  2 fire bats (Volcano)
  A vampire (D:15)
  A neqoxec (D:5)
  A steam dragon (D:8)
  A golden eye (shapeshifter) (D:14)
  Menkaure (D:5)
  2 hungry ghosts
  2 vampire mosquitoes (D:14)
  40 nagas
  4 small abominations (Crypt:3)
  4 wargs
  11 insubstantial wisps (WizLab)
  2 iron troll simulacra (IceCv)
  2 acid dragons (Vaults:2)
  8 hell hounds
  A harpy simulacrum (IceCv)
  A naga (shapeshifter) (Depths:5)
  A water moccasin (shapeshifter) (Vaults:5)
  2 floating eyes (Depths:3)
  4 hydra simulacra
  31 water moccasins
  13 porcupines
  A deep troll skeleton (Crypt:1)
  A floating eye (shapeshifter) (Vaults:5)
  55 orc warriors
  8 ice beasts
  A snapping turtle zombie (Crypt:1)
  2 phantoms (D:8)
  3 sky beasts
  An ettin simulacrum (IceCv)
  A hornet zombie (D:13)
  4 black bears
  An eye of draining (D:11)
  7 necrophages
  46 ogres
  8 boggarts
  41 wolves
  A swamp dragon zombie (Crypt:2)
  33 centaurs
  A lindwurm skeleton (Crypt:2)
  A human zombie (Vaults:3)
  6 big kobolds
  13 crocodiles
  A wyvern zombie (D:14)
  Blork the orc (D:6)
  13 bullfrogs
  6 earth elementals
  A wyvern skeleton (D:10)
  A warg skeleton (Crypt:1)
  A water moccasin skeleton (Crypt:2)
  A swamp dragon simulacrum (Crypt:3)
  10 killer bees (D:10)
  2 howler monkeys
  6 wights
  2 electric eels
  7 crimson imps
  9 lava snakes (Volcano)
  4 bullfrog zombies
  2 jellies
  3 quasits
  4 centaur zombies
  4 human simulacra
  A jelly (shapeshifter) (Depths:4)
  3 bullfrog skeletons
  6 hounds
  21 orc wizards
  17 orc priests
  An iron imp (D:5)
  Jessica (D:2)
  5 iguanas
  12 worker ants
  A hell rat (Lair:4)
  A porcupine zombie (Crypt:1)
  2 naga zombies
  An ogre skeleton (Crypt:1)
  A hound zombie (D:5)
  3 hound skeletons
  A worker ant zombie (D:5)
  9 gnolls
  26 adders
  4 shadow imps
  An ufetubus (Zot:1)
  2 adder skeletons
  3 dart slugs
  5 leopard geckos
  128 orcs
  A ball python (D:3)
  9 bats
  5 giant cockroaches
  6 hobgoblins
  12 jackals
  6 quokkas
  A ball python skeleton (Crypt:1)
  5 frilled lizards
  2 gnoll zombies (D:4)
  12 goblins
  26 kobolds
  9 rats
  2 fungi (Lair:5)
  8 plants
  2 tentacles (Shoals:1)
  4 withered plants (Crypt:2)
2727 creatures vanquished.

Vanquished Creatures (collateral kills)
  2 ancient liches (Zot:5)
  An electric golem (Zot:5)
  6 Orb Guardians (Zot:5)
  A catoblepas (Lair:6)
  A moth of wrath (Zot:5)
  An ice devil (Zot:5)
12 creatures vanquished.

Vanquished Creatures (others)
  A Killer Klown (Zot:5)
  4 Orb Guardians (Zot:5)
  A vault warden (Vaults:3)
  A stone giant (Vaults:4)
  A vampire knight (Depths:3)
  2 merfolk javelineers
  4 yaktaur captains
  A hell beast (D:7)
  A hydra (Lair:6)
  An ogre mage (Vaults:2)
  9 dancing weapons
  A naga sharpshooter (Snake:3)
  2 deep elf archers
  2 deep elf magi
  3 fauns
  A cyclops (D:15)
  11 yaktaurs
  A hornet (Depths:4)
  2 ogres
  4 slaves (D:7)
  3 centaurs (Vaults:1)
  3 orcs (D:7)
  2 bushes (Lair:6)
  16 fungi
  21 plants
  7 tentacles
  3 withered plants (Crypt:2)
108 creatures vanquished.

Grand Total: 2847 creatures vanquished

Notes
Turn   | Place    | Note
-------+----------+-------------------------------------------
     0 | D:1      | Goblin1989 the Barachi Fighter began the quest for the Orb.
     0 | D:1      | Reached XP level 1. HP: 18/18 MP: 1/1
   100 | D:1      | Reached XP level 2. HP: 24/24 MP: 2/2
   733 | D:2      | Reached XP level 3. HP: 20/29 MP: 3/3
   844 | D:2      | Found an opulent altar of Gozag.
   844 | D:2      | Found Gozag's Platinum Reserve.
   845 | D:2      | Found a shimmering altar of Xom.
   845 | D:2      | Found a shimmering altar of Xom.
   845 | D:2      | Noticed Jessica
   867 | D:2      | Killed Jessica
   914 | D:2      | Reached XP level 4. HP: 32/36 MP: 4/4
   965 | D:2      | Became a worshipper of Gozag Ym Sagoz the Greedy
  1152 | D:2      | Found a bloodstained altar of Trog.
  1205 | D:2      | Reached skill level 5 in Maces & Flails
  1323 | D:2      | Found a shimmering altar of Xom.
  1605 | D:3      | Noticed a centaur
  1739 | D:3      | Killed a centaur
  1739 | D:3      | Reached XP level 5. HP: 10/41 MP: 5/5
  2249 | D:3      | Reached XP level 6. HP: 30/47 MP: 6/6
  2800 | D:4      | Found a hide-covered altar of Uskayaw.
  2800 | D:4      | Found a shadowy altar of Dithmenos.
  2801 | D:4      | Found a sacrificial altar of Ru.
  2984 | D:4      | Found Umiedgh's Jewellery Shop.
  3032 | D:4      | Bought an uncursed ring of poison resistance for 220 gold pieces
  3447 | D:4      | Found a basalt altar of Yredelemnul.
  3519 | D:4      | Reached XP level 7. HP: 48/52 MP: 7/7
  3808 | D:4      | Found a white marble altar of Elyvilon.
  3885 | D:5      | Entered Level 5 of the Dungeon
  4125 | D:5      | Noticed Menkaure
  4144 | D:5      | Killed Menkaure
  4347 | D:5      | Found a snail-covered altar of Cheibriados.
  4595 | D:5      | Reached XP level 8. HP: 59/59 MP: 8/8
  4659 | D:5      | Found a glowing golden altar of the Shining One.
  4731 | D:5      | Reached skill level 10 in Maces & Flails
  5267 | D:6      | Noticed Blork the orc
  5275 | D:6      | Killed Blork the orc
  5305 | D:6      | Found a bloodstained altar of Trog.
  5434 | D:6      | Found a staircase to the Ecumenical Temple.
  5581 | D:6      | Found a hazy altar of Hepliaklqana.
  5718 | D:6      | Found a sparkling altar of Nemelex Xobeh.
  5856 | D:7      | Noticed a cyclops
  6061 | D:6      | Reached XP level 9. HP: 64/64 MP: 9/9
  6401 | D:7      | Noticed Pikel
  6414 | D:7      | Killed Pikel
  7225 | D:8      | Noticed Maurice
  7248 | D:8      | Killed Maurice
  7311 | D:8      | Noticed a two-headed ogre
  7450 | D:7      | Killed a cyclops
  7450 | D:7      | Reached skill level 5 in Fighting
  7450 | D:7      | Reached skill level 5 in Armour
  7450 | D:7      | Reached XP level 10. HP: 74/74 MP: 10/10
  7950 | D:8      | Killed a two-headed ogre
  7950 | D:8      | Reached skill level 5 in Shields
  8232 | D:8      | Paralysed by a hornet for 3 turns
  8807 | D:8      | Wingboner: Ня.
  8807 | D:8      | Wingboner: Пробовал клаву?
  8812 | D:8      | Goblin1989: ну скачал
  8812 | D:8      | Goblin1989: ниче так
  8812 | D:8      | Goblin1989: но у меня экран 4-х дюймовый
  8812 | D:8      | Wingboner: А, ну это печально.
  8812 | D:8      | Iwannabefree: yo
  8812 | D:8      | Wingboner: Кревед.
  8812 | D:8      | Iwannabefree: и на пятидюймовом хуево
  8812 | D:8      | Goblin1989: так что все ранвно клавиатура на андроид - зло
  8812 | D:8      | Wingboner: Ну у меня 6.44
  8824 | D:9      | Iwannabefree: ето уже лопата
  8824 | D:9      | Goblin1989: лол это же лопата
  8877 | D:9      | Wingboner: Ну да, мне нравятся лопаты.
  8877 | D:9      | Wingboner: Удобно.
  8928 | D:9      | Got a translucent chain mail
  8939 | D:9      | Identified the +5 chain mail "Tiyc" {rF- Str+3} (You found it on level 9 of the Dungeon)
  8993 | D:9      | Found a glowing silver altar of Zin.
  8994 | D:9      | Found a stormy altar of Qazlal.
  9118 | D:9      | Reached skill level 1 in Dodging
  9344 | D:9      | Wingboner: http://www.gsmarena.com/xiaomi_mi_max-8057.php
  9349 | D:9      | Wingboner: Вот такое у меня телефоно.
  9370 | D:9      | Reached XP level 11. HP: 48/84 MP: 7/11
  9384 | D:9      | Wingboner: Версия восьмиядерный 652 проц/4 гб рамы/128 гб флешка.
  9391 | D:9      | Bought a transparent helmet for 285 gold pieces
  9401 | D:9      | Identified the cursed +0 helmet of the Black Moon {+Inv} (You bought it in a shop on level 9 of the Dungeon)
  9402 | D:9      | Bought a glowing plate armour for 780 gold pieces
  9412 | D:9      | Iwannabefree: Пиздец оказуалили, теперь ыжуб с гарантированной палкой на д3-д5
  9613 | D:9      | Noticed Prince Ribbit
  9623 | D:9      | Killed Prince Ribbit
  9624 | D:9      | Wingboner: Хм?
  9624 | D:9      | Iwannabefree: А раньше был иногда с палкой но с д2
  9775 | D:10     | Entered Level 10 of the Dungeon
  9778 | D:10     | Wingboner: Хехе. Ну вообще гарантированная палка это злобно очень.
  9790 | D:10     | Iwannabefree: http://s-z.org/neil/git/?p=crawl.git;a=commit;h=1a4ba803883296b791e880607a9def39027f4023
  9916 | D:10     | Wingboner: >her
 10012 | D:10     | Reached skill level 1 in Evocations
 10081 | D:10     | Noticed an obsidian statue
 10082 | D:10     | Iwannabefree: еще больше тидиума
 10159 | D:10     | Iwannabefree: стеирдансишь пока он расстреляет все заряды своей дизинтегры
 10160 | D:10     | Iwannabefree: профит
 10174 | D:10     | Wingboner: Лолнет.
 10248 | D:10     | Iwannabefree: че нет то
 10378 | D:7      | Wingboner: Там слишком много ходов, не выживешь.
 10378 | D:7      | Iwannabefree: поднялся порегенился
 10443 | D:8      | Iwannabefree: спустился с другой
 10443 | D:8      | Wingboner: Если он каждый ход будет попадать, то точно не выживешь.
 10443 | D:8      | Iwannabefree: к д3 выживу две-три дизинтегры
 10443 | D:8      | Iwannabefree: если не эльф
 10443 | D:8      | jacquesderrida: Гремлин1969
 10443 | D:8      | Wingboner: Ну вот три он всадит.
 10541 | D:10     | Iwannabefree: ну это уже охуительные истории пошли
 10605 | D:10     | Wingboner: ??stairs
 10605 | D:10     | beem: stairs[1/9]: Taking the stairs has two parts. The 'leaving' is implemented as a 'delay' - it can be interrupted. It lasts 1.0 turns. The 'entering' lasts 0.75 turns (if you've never been here before) or 1.5 turns (if you have) and is simply waited out on the other side. Haste/slow will change these durations.
 10605 | D:10     | Iwannabefree: одно дело когда ты видишь ыжуба на д2, и он ВНЕЗАПНО достает палку
 10605 | D:10     | Iwannabefree: другое когда ты знаешь что эта палка у него есть
 10624 | D:10     | Killed an obsidian statue
 10632 | D:10     | Wingboner: Ну, время покажет.
 10632 | D:10     | Wingboner: Ты ж в транк играешь?
 10633 | D:10     | Iwannabefree: я не играю вообще
 10633 | D:10     | Got a faintly glowing fustibalus
 10634 | D:10     | Identified the +8 fustibalus "Lereah" {velocity, rElec Str+4 Int+4} (You found it on level 10 of the Dungeon)
 10635 | D:10     | Wingboner: Хы.
 10635 | D:10     | Iwannabefree: но нуфаги будут чаще сплататься
 10681 | D:10     | Iwannabefree: Однажды встретил пикеля с плеткой элека и банкой зерка
 10723 | D:10     | Iwannabefree: Как адекватный плеер переждал на предыдущем этаще
 10724 | D:10     | Iwannabefree: спускаюсь, завожу его в туннель
 10726 | D:10     | Iwannabefree: а он достает электрованд
 10726 | D:10     | Wingboner: Лол.
 10726 | D:10     | Wingboner: Это почти как кобольд, которого я встретил недавно.
 10757 | D:10     | Wingboner: Достаёт он блоуган.
 10937 | D:10     | Wingboner: Я на открытом месте, до края лоса далеко.
 10984 | D:10     | Wingboner: Ну думаю сейчас чарджну в него.
 11112 | D:10     | Found a portal to a secret trove of treasure.
 11144 | D:10     | Wingboner: Добегаю с одной только иглой во мне, нормально. А кобольд достаёт электроножик.
 11241 | D:9      | Wingboner: Вот и что дальше? Убегать смерть, не убегать смерть.
 11323 | D:9      | Iwannabefree: отдать свою судьбу в руки кубиков
 11423 | D:8      | ReniFell: Ну и истории у вас тут
 11490 | D:8      | Wingboner: Угу, я попытался, ну там помер мгновенно.
 11790 | D:5      | ReniFell: А ермаку опять арти трипл кроссбоу +7 спид упал
 11790 | D:5      | Iwannabefree: нормальные истории
 11790 | D:5      | ReniFell: Что за лак
 11804 | D:4      | Iwannabefree: рангед нинужен
 12087 | D:1      | Iwannabefree: даже если это что-то типа трипла пенетры
 12280 | D:8      | Iwannabefree: пожалел о скилл инвесте в последней игре на минотабере, хотя там выпал пирсер
 12290 | D:8      | Wingboner: Спидовая трипла годная штука. Особенно на сраном муравье со щитом.
 12365 | D:11     | ReniFell: Он-то лягуха
 12365 | D:11     | ReniFell: !apt ba
 12365 | D:11     | beem: Ba: Fighting: 2, Short: 1, Long: 2!, Axes: 1, Maces: 1, Polearms: 0, Staves: 1, Slings: 0, Bows: 0, Xbows: 0, Throw: 0, Armour: 2!, Dodge: 1, Stealth: 0, Shields: 1, UC: 1!, Splcast: 0, Conj: 1, Hexes: 1, Charms: 1, Summ: 2!, Nec: -1, Tloc: 1, Tmut: 1, Fire: 1, Ice: 2!, Air: 1, Earth: 0, Poison: 1, Inv: -1*, Evo: 1, Exp: 0, HP: 0, MP: 0
 12370 | D:11     | Iwannabefree: не вижу +5 арбалетов
 12374 | D:10     | ReniFell: Ты арбалет
 12450 | D:11     | Noticed a cyclops
 12451 | D:11     | Noticed a green ugly thing
 12527 | D:10     | Iwannabefree: кто нибудь мне объяснит почему лягухи в адвансед?
 12527 | D:10     | ReniFell: Он им блин в мили паны табает
 12551 | D:10     | Noticed a two-headed ogre
 12553 | D:10     | ReniFell: Интересно, чо жертвовал
 12556 | D:10     | Iwannabefree: +2 армор, +1 додж, 2 файт
 12562 | D:10     | Killed a two-headed ogre
 12562 | D:10     | Reached skill level 1 in Slings
 12604 | D:10     | Iwannabefree: очень сложная раса
 12606 | D:10     | Wingboner: Жабы говномамонта.
 12606 | D:10     | Wingboner: Скорость минусовая.
 12625 | D:11     | Found a staircase to the Lair.
 12625 | D:11     | Found Yreab's Armour Boutique.
 12626 | D:11     | ReniFell: Чет ему вообще посрать на скорость уже
 12626 | D:11     | Wingboner: Прыжок косячный с большим кулдауном.
 12632 | D:10     | ReniFell: Хз, нагами же играют с успехом
 12638 | D:10     | Wingboner: Ну понятно что в лейте да, а вот в начале игры говно.
 12643 | D:11     | Wingboner: У наг есть большие бонусы в компенсацию.
 12643 | D:11     | ReniFell: И один хрен это цблинк на 1лвл, пусть и с кд
 12645 | D:11     | Iwannabefree: ну он максимум там же где и хуман
 12647 | D:11     | Iwannabefree: но не выше
 12650 | D:11     | Noticed a green ugly thing
 12650 | D:11     | Wingboner: Вот главная проблема что он нифига не контрольный.
 12652 | D:11     | Wingboner: Семи максимум.
 12720 | D:10     | ReniFell: Хумана вообще нельзя с чем-то сравнивать, он же ванильный
 12720 | D:10     | Wingboner: Люди лучше жаб, и сильно.
 12724 | D:10     | Iwannabefree: апты хуже
 12724 | D:10     | ReniFell: !apt hu
 12724 | D:10     | Iwannabefree: кроме экспы
 12724 | D:10     | beem: Hu: Fighting: 0, Short: 0, Long: 0, Axes: 0, Maces: 0, Polearms: 0, Staves: 0, Slings: 0, Bows: 0, Xbows: 0, Throw: 0, Armour: 0, Dodge: 0, Stealth: 1, Shields: 0, UC: 0, Splcast: -1, Conj: 0, Hexes: 0, Charms: 0, Summ: 0, Nec: 0, Tloc: 0, Tmut: 0, Fire: 0, Ice: 0, Air: 0, Earth: 0, Poison: 0, Inv: 1, Evo: 0, Exp: 1!, HP: 0, MP: 0
 12724 | D:10     | Wingboner: Апты нинужны, когда ты ни от чего сбежать не можешь.
 12724 | D:10     | ReniFell: Ну, ванильный
 12724 | D:10     | Iwannabefree: я даже на наге сбегал
 12724 | D:10     | ReniFell: Прям в ноль
 12724 | D:10     | Iwannabefree: а ты про жаб
 12741 | D:10     | Killed a green ugly thing
 12750 | D:11     | Killed a cyclops
 12829 | D:11     | Noticed a two-headed ogre
 12843 | D:11     | Killed a two-headed ogre
 12886 | D:11     | Noticed a green ugly thing
 12886 | D:11     | ReniFell: Единственно, у наги сильный стелс апт
 12911 | D:11     | Killed a green ugly thing
 12912 | D:11     | Iwannabefree: у наги вообще все сильное, кроме ерлигейма
 13149 | D:11     | Iwannabefree: ну и возможно экстенда
 13151 | D:11     | ReniFell: +5 на улице, на работе батареи херачат, как бешеные, еще и окно не открывается
 13151 | D:11     | ReniFell: Жить хуево
 13152 | D:11     | Iwannabefree: в квартире 4 окна и всего лишь 2 сетки
 13153 | D:11     | Iwannabefree: скоро лето
 13153 | D:11     | Iwannabefree: предвкушаю свой бугурт по поводу жары
 13153 | D:11     | Goblin1989: o_O
 13153 | D:11     | ReniFell: Дома у меня окна с февраля открыты настежь даже когда меня нет
 13154 | D:11     | Wingboner: Кондиционер рулит.
 13173 | D:11     | Iwannabefree: Рулет
 13175 | D:11     | ReniFell: Бля, хочу кондик
 13212 | D:11     | ReniFell: Но трачу деньги на игры
 13221 | D:11     | ReniFell: :D
 13229 | D:11     | Iwannabefree: хочу сесть подальше от ебаного окна в которое весь день светит солнце
 13239 | D:11     | Iwannabefree: но кабель слишком короткий
 13239 | D:11     | ReniFell: В прошлом году я бы сказал ReniFell: Бля, хочу кондик ReniFell: Но трачу деньги на бухло ReniFell: :D
 13239 | D:11     | Wingboner: Я купил в прошлом году незадорого. 5 килогривен с установкой и сливом конденсата.
 13332 | D:11     | ReniFell: Это 20к рублей же
 13354 | D:11     | Noticed a cyclops
 13358 | D:11     | ReniFell: У меня ботинки столько стоят :D
 13376 | D:11     | ReniFell: Дурак я, че скажешь
 13376 | D:11     | Killed a cyclops
 13376 | D:11     | Iwannabefree: вся моя жизнь столько не стоит
 13376 | D:11     | Reached XP level 12. HP: 91/92 MP: 13/15
 13377 | D:11     | Wingboner: 10 642.90
 13447 | D:11     | ReniFell: Гривна чет упала сильно
 13515 | D:11     | ReniFell: Хотя я в последний раз дело с украинцами имел в августе
 13515 | D:11     | ReniFell: 2014
 13516 | D:11     | ReniFell: :D
 13587 | D:11     | Wingboner: Ну кагбе с такой политической ситуацией странно было бы, если б не упала.
 13625 | D:11     | Wingboner: Но мне норм, зряплата в долларах.
 13626 | D:11     | Iwannabefree: Не звали в ато?
 13627 | D:11     | Found a staircase to the Orcish Mines.
 13630 | D:11     | Wingboner: Звали, отмазался.
 13657 | D:11     | Noticed Nergalle
 13665 | D:11     | Iwannabefree: че отмазался то
 13681 | D:11     | Iwannabefree: родину сука не любишь?
 13698 | D:11     | Killed Nergalle
 13703 | D:11     | Wingboner: Родину люблю. Государство нет.
 13708 | D:11     | ReniFell: В крым хочу летом
 13719 | D:11     | ReniFell: Но уеду в ебеня куда-нибудь
 14061 | D:11     | ReniFell: Как обычно
 14176 | D:11     | Iwannabefree: Моя родина там где платят больше и живется лучше
 14176 | D:11     | Goblin1989: kfy yfhjl
 14176 | D:11     | Goblin1989: лан народ
 14176 | D:11     | Goblin1989: у вас тут весело конечно
 14176 | D:11     | ReniFell: Иван, иди играй ты теперь
 14176 | D:11     | Wingboner: Кек.
 14176 | D:11     | Iwannabefree: Нихачу
 14176 | D:11     | ReniFell: Тогда казуалыч
 14176 | D:11     | Goblin1989: но мне домой топать уже 40 минут как прора
 14176 | D:11     | Iwannabefree: Сам играй
 14176 | D:11     | Goblin1989: давайте решайте к кому переть
 14176 | D:11     | Wingboner: Пинков попутных!
 14176 | D:11     | ReniFell: Я не умею, опять меня все критиковать будут
 14176 | D:11     | Wingboner: Нуок, я сейчас начну.
 14176 | D:11     | ReniFell: Перемещаемся
 14176 | D:11     | Goblin1989: ок
 14227 | D:11     | Reached skill level 5 in Slings
 14241 | Lair:1   | Entered Level 1 of the Lair of Beasts
 14438 | Lair:1   | Reached skill level 5 in Evocations
 16568 | Lair:2   | Gained mutation: You can hop longer distances. [Barachi growth]
 16568 | Lair:2   | Reached XP level 13. HP: 95/103 MP: 14/16
 16769 | Lair:2   | Reached skill level 10 in Armour
 17194 | Lair:2   | Reached skill level 10 in Fighting
 17868 | Lair:3   | Found a staircase to the Snake Pit.
 18158 | Lair:3   | Found a staircase to the Shoals.
 19826 | Lair:4   | Got a translucent mace
 19827 | Lair:4   | Identified the +7 mace of Bebai {flame, rC+ Str+3} (You found it on level 4 of the Lair of Beasts)
 20056 | Lair:4   | Gained mutation: You have a pair of small horns on your head. [potion of mutation]
 20056 | Lair:4   | Gained mutation: You are resistant to electric shocks. (rElec) [potion of mutation]
 20057 | Lair:4   | Lost mutation: You have a pair of small horns on your head. [potion of mutation]
 20057 | Lair:4   | Gained mutation: You have large cloven feet. [potion of mutation]
 20057 | Lair:4   | Gained mutation: Your magical capacity is low. (-10% MP) [potion of mutation]
 20057 | Lair:4   | Gained mutation: You are partially covered in molten scales. (AC +2) [potion of mutation]
 20058 | Lair:4   | Lost mutation: You have large cloven feet. [potion of mutation]
 20058 | Lair:4   | Lost mutation: You are partially covered in molten scales. (AC +2) [potion of mutation]
 20058 | Lair:4   | Gained mutation: You are partially covered in icy blue scales. (AC +2) [potion of mutation]
 20058 | Lair:4   | Gained mutation: Your system is resistant to poisons. (rPois) [potion of mutation]
 20954 | Lair:4   | Reached skill level 10 in Shields
 20963 | Lair:4   | Bought a glowing broad axe for 224 gold pieces
 21195 | Lair:5   | Reached skill level 1 in Axes
 21244 | Lair:5   | Reached skill level 2 in Axes
 21319 | Lair:5   | Upgraded the game from 0.20-a0-909-g1a4ba80 to 0.20-a0-910-gb611367
 21665 | Lair:5   | Reached skill level 7 in Axes
 21665 | Lair:5   | Reached XP level 14. HP: 113/113 MP: 15/15
 21797 | Lair:5   | Found a viscous altar of Jiyva.
 21797 | Lair:5   | Found a staircase to the Slime Pits.
 22132 | Lair:5   | Reached XP level 15. HP: 113/118 MP: 16/16
 22267 | Lair:6   | Entered Level 6 of the Lair of Beasts
 22308 | Lair:6   | Reached skill level 10 in Slings
 22314 | Lair:6   | Reached skill level 8 in Axes
 22933 | Lair:6   | Reached skill level 9 in Axes
 24859 | Orc:1    | Entered Level 1 of the Orcish Mines
 24862 | Orc:1    | Identified 4 scrolls of acquirement
 24910 | Orc:1    | Found a dark tunnel.
 24930 | Orc:1    | Found Haxy's Armour Emporium.
 24977 | Orc:1    | Bought a pair of slimy gloves for 399 gold pieces
 24987 | Orc:1    | Identified the +2 pair of gloves of Okawaru's Whim {+Inv rElec MR++ Int-5} (You bought it in a shop on level 1 of the Orcish Mines)
 24988 | Orc:1    | Bought a pair of steaming boots for 399 gold pieces
 24995 | Orc:1    | Identified the +0 pair of boots of Hopscotch {Str+4 Int+2 Dex+3} (You bought it in a shop on level 1 of the Orcish Mines)
 24995 | Orc:1    | Bought a jet-encrusted plate armour for 1176 gold pieces
 25005 | Orc:1    | Identified the +5 plate armour of Objectivity {rN+} (You bought it in a shop on level 1 of the Orcish Mines)
 25015 | Orc:1    | Bought a pitted plate armour for 1036 gold pieces
 25025 | Orc:1    | Identified the cursed +0 plate armour of Lies {+Fly rF++ Dex+4 Slay+3} (You bought it in a shop on level 1 of the Orcish Mines)
 25028 | Volcano  | Entered a volcano
 25361 | Volcano  | Found a radiant altar of Vehumet.
 26325 | Orc:2    | Entered Level 2 of the Orcish Mines
 26347 | Orc:1    | Bought a glowing large shield for 315 gold pieces
 26358 | Orc:1    | Bought a runed helmet for 315 gold pieces
 26403 | Orc:1    | Reached skill level 10 in Axes
 26613 | Orc:2    | Found a burning altar of Makhleb.
 26637 | Orc:2    | Found a staircase to the Elven Halls.
 27243 | Orc:2    | Found Bupitolo's Book Emporium.
 27244 | Orc:2    | Found Xyes's Assorted Antiques.
 27244 | Orc:2    | Found Ret Vuav's General Store.
 27418 | Orc:2    | Found Xaderchu's Antique Weapon Shop.
 27422 | Orc:2    | Bought a scroll of identify for 56 gold pieces
 27424 | Orc:2    | Bought a scroll of enchant weapon for 105 gold pieces
 27424 | Orc:2    | Bought a scroll of identify for 28 gold pieces
 27424 | Orc:2    | Bought a royal jelly for 28 gold pieces
 27436 | Orc:2    | Bought a scorched fustibalus for 560 gold pieces
 27438 | Orc:2    | Identified the cursed +3 fustibalus "Toequnn" {flame, *Slow rElec Dex+3} (You bought it in a shop on level 2 of the Orcish Mines)
 27495 | Orc:2    | Noticed an orc warlord
 27507 | Orc:2    | Killed an orc warlord
 27507 | Orc:2    | Reached XP level 16. HP: 118/128 MP: 15/17
 28107 | D:12     | Found a shattered altar of Ashenzari.
 28337 | D:12     | Noticed Kirke
 28360 | D:12     | Killed Kirke
 28867 | D:13     | Noticed Rupert
 28875 | D:13     | Killed Rupert
 28875 | D:13     | Reached skill level 11 in Axes
 28875 | D:13     | Reached skill level 5 in Dodging
 29489 | D:13     | Found a gate to the Vaults.
 29586 | D:13     | Noticed Frances
 29595 | D:13     | Killed Frances
 29791 | D:14     | Bought a bread ration for 55 gold pieces
 29791 | D:14     | Bought a royal jelly for 22 gold pieces
 29791 | D:14     | Bought a bread ration for 55 gold pieces
 29791 | D:14     | Bought a fruit for 16 gold pieces
 29791 | D:14     | Bought a bread ration for 55 gold pieces
 29791 | D:14     | Bought a meat ration for 55 gold pieces
 29791 | D:14     | Bought a bread ration for 55 gold pieces
 29791 | D:14     | Bought 4 fruits for 66 gold pieces
 29791 | D:14     | Bought 4 fruits for 66 gold pieces
 29796 | D:14     | Learned a level 1 spell: Apportation
 29817 | D:14     | Noticed Snorg
 29825 | D:14     | Killed Snorg
 30707 | D:15     | Entered Level 15 of the Dungeon
 30707 | D:15     | Found a blossoming altar of Fedhas.
 30922 | D:15     | Noticed Azrael
 30936 | D:15     | Killed Azrael
 30945 | D:15     | Reached skill level 12 in Axes
 31524 | D:15     | Found a staircase to the Depths.
 32195 | D:12     | Learned a level 1 spell: Summon Butterflies
 32204 | D:12     | Learned a level 3 spell: Lesser Beckoning
 32352 | Snake:1  | Entered Level 1 of the Snake Pit
 32377 | Snake:1  | Noticed feelmyfire's ghost (journeyman VSEn)
 32387 | Snake:1  | Killed feelmyfire's ghost
 32466 | Snake:1  | Reached XP level 17. HP: 133/137 MP: 18/18
 34893 | Snake:2  | Reached skill level 13 in Axes
 35265 | Snake:3  | Noticed Vashnia
 35296 | Snake:3  | Killed Vashnia
 35880 | Snake:3  | Found Biurasenet's Antique Armour Shoppe.
 35914 | Snake:3  | Found Atitze's Antique Armour Shoppe.
 36655 | Snake:3  | Noticed Donald
 36667 | Snake:3  | Killed Donald
 37167 | Snake:4  | Entered Level 4 of the Snake Pit
 37228 | Snake:4  | Reached skill level 14 in Axes
 37228 | Snake:4  | Reached XP level 18. HP: 147/147 MP: 19/19
 37262 | Snake:4  | Found Judy's Magic Scroll Shop.
 37275 | Snake:4  | Noticed Louise
 37307 | Snake:4  | Killed Louise
 37431 | Snake:4  | Bought a scroll of blinking for 82 gold pieces
 37431 | Snake:4  | Bought a scroll of teleportation for 33 gold pieces
 37431 | Snake:4  | Bought a scroll of summoning for 104 gold pieces
 37431 | Snake:4  | Bought a scroll of identify for 22 gold pieces
 37431 | Snake:4  | Bought a scroll of identify for 22 gold pieces
 37431 | Snake:4  | Bought a scroll of identify for 22 gold pieces
 37431 | Snake:4  | Bought a scroll of identify for 22 gold pieces
 37974 | Snake:4  | Noticed Asterion
 37994 | Snake:4  | Killed Asterion
 38612 | Snake:4  | Reached skill level 10 in Dodging
 38637 | Snake:4  | Got a warped rapier {drain}
 38877 | Snake:4  | Got a serpentine rune of Zot
 38946 | Snake:4  | Reached skill level 15 in Fighting
 39295 | Vaults:1 | Entered Level 1 of the Vaults
 39305 | Vaults:1 | Reached skill level 15 in Axes
 39829 | Vaults:1 | Found Bugget's Food Emporium.
 39839 | Vaults:1 | Bought a meat ration for 65 gold pieces
 39839 | Vaults:1 | Bought a royal jelly for 26 gold pieces
 39839 | Vaults:1 | Bought a royal jelly for 26 gold pieces
 39839 | Vaults:1 | Bought a meat ration for 65 gold pieces
 39839 | Vaults:1 | Bought a bread ration for 65 gold pieces
 39839 | Vaults:1 | Bought a meat ration for 65 gold pieces
 39839 | Vaults:1 | Bought a bread ration for 65 gold pieces
 39839 | Vaults:1 | Bought a bread ration for 65 gold pieces
 39839 | Vaults:1 | Bought a meat ration for 65 gold pieces
 39839 | Vaults:1 | Bought a bread ration for 65 gold pieces
 39839 | Vaults:1 | Bought a meat ration for 65 gold pieces
 39839 | Vaults:1 | Bought a meat ration for 65 gold pieces
 39839 | Vaults:1 | Bought a royal jelly for 26 gold pieces
 40556 | Vaults:1 | Reached XP level 19. HP: 155/155 MP: 20/20
 40875 | Vaults:2 | Noticed Margery
 40907 | Vaults:2 | Killed Margery
 40946 | Vaults:2 | Noticed a Brimstone Fiend
 41264 | Vaults:2 | Reached skill level 16 in Axes
 41428 | Vaults:2 | Identified the cursed +0 rapier of the Final Curses {drain, rN+ Str+2 Dex+2 Stlth+} (You took it off a salamander on level 4 of the Snake Pit)
 42330 | Vaults:2 | Got a bloodstained helmet
 42374 | Vaults:2 | Noticed a lich
 42382 | Vaults:2 | Killed a lich
 42382 | Vaults:2 | Reached skill level 17 in Axes
 42414 | Vaults:2 | Reached XP level 20. HP: 113/164 MP: 15/21
 42762 | Vaults:2 | Found a staircase to the Crypt.
 43079 | Vaults:2 | Reached skill level 15 in Shields
 43472 | Vaults:2 | Identified the +2 helmet of the Duchess {rCorr} (You found it on level 2 of the Vaults)
 44279 | Vaults:3 | Reached skill level 18 in Axes
 45358 | Vaults:4 | Reached skill level 15 in Armour
 45630 | Vaults:4 | Noticed Bai Suzhen
 45643 | Vaults:4 | Killed Bai Suzhen
 45643 | Vaults:4 | Reached XP level 21. HP: 174/174 MP: 22/22
 45871 | Vaults:4 | Noticed Mennas
 45896 | Vaults:4 | Killed Mennas
 46101 | Vaults:4 | Found Fenosh's Food Shop.
 46108 | Vaults:4 | Noticed Aizul
 46120 | Vaults:4 | Killed Aizul
 46126 | Vaults:4 | Bought a royal jelly for 28 gold pieces
 46126 | Vaults:4 | Bought a royal jelly for 28 gold pieces
 46126 | Vaults:4 | Bought 2 fruits for 42 gold pieces
 46126 | Vaults:4 | Bought a meat ration for 70 gold pieces
 46126 | Vaults:4 | Bought a royal jelly for 28 gold pieces
 46126 | Vaults:4 | Bought a royal jelly for 28 gold pieces
 46126 | Vaults:4 | Bought a bread ration for 70 gold pieces
 46126 | Vaults:4 | Bought a bread ration for 70 gold pieces
 46126 | Vaults:4 | Bought a royal jelly for 28 gold pieces
 46126 | Vaults:4 | Bought a royal jelly for 28 gold pieces
 46126 | Vaults:4 | Bought a meat ration for 70 gold pieces
 46126 | Vaults:4 | Bought a bread ration for 70 gold pieces
 46126 | Vaults:4 | Bought 2 fruits for 42 gold pieces
 46135 | Vaults:4 | Noticed Gorice's ghost (veteran KoEn)
 46253 | Vaults:4 | Killed Gorice's ghost
 46499 | Vaults:4 | Reached skill level 19 in Axes
 47358 | D:13     | Bought the scarf of Tearuovo {rElec rPois rCorr SInv} for 528 gold pieces
 47369 | D:13     | Lost mutation: Your magical capacity is low. (-10% MP) [potion of mutation]
 47369 | D:13     | Lost mutation: Your system is resistant to poisons. (rPois) [potion of mutation]
 47369 | D:13     | Lost mutation: You are resistant to electric shocks. (rElec) [potion of mutation]
 47369 | D:13     | Lost mutation: You are partially covered in icy blue scales. (AC +2) [potion of mutation]
 47369 | D:13     | Gained mutation: Your skin changes colour to match your surroundings (Stealth+). [potion of mutation]
 47369 | D:13     | Gained mutation: Your magical capacity is low. (-10% MP) [potion of mutation]
 47369 | D:13     | Lost mutation: Your magical capacity is low. (-10% MP) [potion of mutation]
 47370 | D:13     | Lost mutation: Your skin changes colour to match your surroundings (Stealth+). [potion of mutation]
 47370 | D:13     | Gained mutation: You are resistant to hostile enchantments. (MR+) [potion of mutation]
 47370 | D:13     | Gained mutation: You can translocate small distances at will. [potion of mutation]
 47370 | D:13     | Gained mutation: You have large cloven feet. [potion of mutation]
 47371 | D:13     | Lost mutation: You are resistant to hostile enchantments. (MR+) [potion of mutation]
 47371 | D:13     | Lost mutation: You can translocate small distances at will. [potion of mutation]
 47371 | D:13     | Gained mutation: You are dopey. (Int -2) [potion of mutation]
 47371 | D:13     | Gained mutation: You are very dopey. (Int -4) [potion of mutation]
 47371 | D:13     | Gained mutation: Your skin changes colour to match your surroundings (Stealth+). [potion of mutation]
 47371 | D:13     | Gained mutation: You have very sharp teeth. [potion of mutation]
 47372 | D:13     | Lost mutation: You are very dopey. (Int -4) [potion of mutation]
 47372 | D:13     | Lost mutation: You have large cloven feet. [potion of mutation]
 47372 | D:13     | Gained mutation: Your flesh is cold resistant. (rC+) [potion of mutation]
 47372 | D:13     | Gained mutation: You are occasionally teleported next to monsters. [potion of mutation]
 47372 | D:13     | Gained mutation: You are somewhat resistant to further mutation. [potion of mutation]
 47373 | D:13     | Lost mutation: You are dopey. (Int -2) [potion of mutation]
 47373 | D:13     | Lost mutation: Your flesh is cold resistant. (rC+) [potion of mutation]
 47373 | D:13     | Lost mutation: You are somewhat resistant to further mutation. [potion of mutation]
 47373 | D:13     | Lost mutation: Your skin changes colour to match your surroundings (Stealth+). [potion of mutation]
 47373 | D:13     | Gained mutation: Your natural rate of healing is unusually fast. [potion of mutation]
 47373 | D:13     | Gained mutation: Your mind is acute. (Int +2) [potion of mutation]
 47373 | D:13     | Gained mutation: Your flesh is cold resistant. (rC+) [potion of mutation]
 47516 | Elf:1    | Entered Level 1 of the Elven Halls
 47797 | Elf:1    | Identified the Tome of Companions
 47951 | Elf:1    | Lost mutation: Your flesh is cold resistant. (rC+) [potion of mutation]
 47951 | Elf:1    | Lost mutation: Your natural rate of healing is unusually fast. [potion of mutation]
 47951 | Elf:1    | Lost mutation: You are occasionally teleported next to monsters. [potion of mutation]
 47951 | Elf:1    | Gained mutation: You have large cloven feet. [potion of mutation]
 47951 | Elf:1    | Gained mutation: Your spells are a little harder to cast, but a little more powerful. [potion of mutation]
 47951 | Elf:1    | Gained mutation: You have extremely sharp teeth. [potion of mutation]
 47951 | Elf:1    | Gained mutation: Your spells are harder to cast, but more powerful. [potion of mutation]
 47966 | Elf:1    | Noticed nikopol's ghost (adept MiBe)
 47987 | Elf:1    | Killed nikopol's ghost
 48268 | Elf:1    | Found Qaacu's Gadget Boutique.
 48315 | Elf:1    | Found Lasil's Jewellery Shop.
 48632 | Elf:1    | Found Sogyutos's Armour Shoppe.
 48830 | Elf:1    | Found Rexuz's Weapon Shop.
 49095 | Elf:2    | Found Afys's Gadget Boutique.
 49114 | Elf:2    | Bought a wand of digging (8/24) for 360 gold pieces
 49258 | Elf:2    | Found a runed gate.
 49259 | Elf:2    | Found a runed gate.
 49260 | Elf:2    | Found a runed gate.
 49498 | Elf:3    | Entered Level 3 of the Elven Halls
 49528 | Elf:3    | Found a frozen archway.
 49533 | IceCv    | Entered an ice cave
 50000 | IceCv    | Reached XP level 22. HP: 143/183 MP: 22/25
 50165 | IceCv    | Got an ominously black robe
 50276 | Elf:3    | Got a pair of encrusted gloves
 50287 | Elf:3    | Identified the +3 pair of gloves of Pig Sova {Int+3 Stlth+} (You acquired it on level 3 of the Elven Halls)
 50358 | Elf:3    | Found Witau's Gadget Boutique.
 50360 | Elf:3    | Found Rosoxe's Jewellery Emporium.
 50361 | Elf:3    | Found Wentysk's Gadget Boutique.
 50436 | Elf:3    | Reached skill level 20 in Axes
 51905 | Elf:3    | Got an encrusted scale mail
 51910 | Elf:3    | Got an iridescent war axe {vamp}
 52211 | Elf:3    | Got a bronze leather armour
 52224 | Elf:3    | Got a dazzling flail
 52233 | Elf:3    | Got a crystal spear {drain}
 52238 | Elf:3    | Identified the Catalogue of Excruciating Transmutation
 52277 | Elf:3    | Got a transparent short sword {speed}
 52293 | Elf:3    | Got a brightly glowing glaive
 52370 | Elf:3    | Identified the +6 scale mail of the Pit {*Contam rElec rF- rC++} (You took it off a deep elf master archer on level 3 of the Elven Halls)
 52645 | Shoals:1 | Entered Level 1 of the Shoals
 53099 | Shoals:1 | Got a pitted plate armour
 55147 | Shoals:3 | Reached skill level 21 in Axes
 55409 | Shoals:4 | Entered Level 4 of the Shoals
 55755 | Shoals:4 | Got a barnacled rune of Zot
 56098 | Shoals:4 | Noticed Ilsuiw
 56111 | Shoals:4 | Killed Ilsuiw
 56111 | Shoals:4 | Reached XP level 23. HP: 136/192 MP: 18/26
 56211 | Shoals:4 | Identified the +2 plate armour of Defiance {rElec Str+4} (You found it on level 1 of the Shoals)
 56552 | Shoals:4 | Got a translucent falchion {slice}
 57780 | Depths:1 | Entered Level 1 of the Depths
 57855 | Depths:1 | Found a magical portal.
 57858 | WizLab   | Entered The Chambers of the Cloud Mage
 58673 | WizLab   | Identified the Almanac of the Birds
 58693 | WizLab   | Identified Sif Muna's Tome of Air
 59069 | Depths:1 | Found a gateway to Hell.
 59616 | Depths:1 | Reached skill level 22 in Axes
 60678 | Depths:2 | Found a gateway to a ziggurat.
 60683 | Depths:2 | Reached XP level 24. HP: 193/203 MP: 26/26
 61189 | Depths:2 | Found a one-way gate leading to the halls of Pandemonium.
 61358 | Depths:2 | Found Woima's Distillery.
 61396 | Depths:2 | Bought a potion of heal wounds for 90 gold pieces
 61396 | Depths:2 | Bought a potion of berserk rage for 90 gold pieces
 61396 | Depths:2 | Bought a potion of mutation for 144 gold pieces
 61396 | Depths:2 | Bought a potion of ambrosia for 144 gold pieces
 61705 | Depths:3 | Paralysed by a floating eye for 3 turns
 61802 | Depths:3 | Reached skill level 15 in Dodging
 62597 | Depths:3 | Reached skill level 23 in Axes
 62737 | Depths:3 | Noticed a caustic shrike
 62739 | Depths:3 | Noticed a caustic shrike
 62740 | Depths:3 | Noticed a caustic shrike
 62744 | Depths:3 | Noticed a caustic shrike
 62747 | Depths:3 | Noticed a juggernaut
 62748 | Depths:3 | Noticed a caustic shrike
 62748 | Depths:3 | Noticed a caustic shrike
 63013 | Depths:3 | Killed a caustic shrike
 63021 | Depths:3 | Killed a caustic shrike
 63097 | Depths:3 | Killed a caustic shrike
 63254 | Depths:3 | Killed a juggernaut
 63296 | Depths:3 | Killed a caustic shrike
 63423 | Depths:3 | Reached XP level 25. HP: 190/212 MP: 24/26
 64556 | Depths:4 | jacquesderrida: Slovinskis
 65008 | Depths:3 | Got a flickering iron amulet
 65074 | Depths:4 | Reached skill level 24 in Axes
 65118 | Depths:4 | Got a twisted robe
 65379 | Depths:4 | Got a warped great sword {slice}
 65416 | Depths:4 | Found a one-way gate to the infinite horrors of the Abyss.
 65827 | Depths:4 | Noticed a juggernaut
 65838 | Depths:4 | Killed a juggernaut
 66153 | Depths:4 | Noticed a juggernaut
 66183 | Depths:4 | Killed a juggernaut
 66219 | Depths:4 | Got a twisted bardiche
 66709 | Depths:4 | Reached XP level 26. HP: 222/222 MP: 26/26
 67249 | Depths:4 | Identified the amulet of Wonder {+Rage +Fly Str+7 Int-3} (You took it off a tengu reaver on level 3 of the Depths)
 67258 | Depths:5 | Entered Level 5 of the Depths
 67997 | Depths:5 | Found a corrupted altar of Lugonu.
 68328 | Depths:5 | Found a gate to the Realm of Zot.
 68467 | Depths:5 | Reached skill level 25 in Axes
 69753 | D:13     | Bought an uncursed ring of positive energy for 420 gold pieces
 69833 | Crypt:1  | Entered Level 1 of the Crypt
 70055 | Crypt:1  | Noticed Saint Roka
 70060 | Crypt:1  | Noticed Jory
 70538 | Crypt:1  | Killed Jory
 70930 | Crypt:1  | Killed Saint Roka
 71049 | Crypt:1  | Reached XP level 27. HP: 172/231 MP: 26/26
 72802 | Crypt:3  | Entered Level 3 of the Crypt
 72805 | Crypt:3  | Reached skill level 26 in Axes
 72850 | Crypt:3  | Noticed Jorgrun
 72867 | Crypt:3  | Killed Jorgrun
 73040 | Crypt:3  | Found an ancient bone altar of Kikubaaqudgha.
 73385 | Crypt:3  | Identified Olesyc Giju's Grimoire of Necromancy
 73525 | Crypt:3  | Found a staircase to the Tomb.
 73600 | Crypt:3  | Got a shimmering tin amulet
 73601 | Crypt:3  | Identified the amulet "Ywubbo" {Spirit rPois MR+} (You found it on level 3 of the Crypt)
 73675 | Crypt:3  | Got a pair of fine gloves
 73676 | Crypt:3  | Identified the +0 pair of gloves of Snakes and Ladders {rC+} (You acquired it on level 3 of the Crypt)
 74271 | Vaults:4 | Bought a meat ration for 65 gold pieces
 74271 | Vaults:4 | Bought 20 stones for 26 gold pieces
 74271 | Vaults:4 | Bought a potion of mutation for 104 gold pieces
 74271 | Vaults:4 | Bought 16 stones for 20 gold pieces
 74271 | Vaults:4 | Bought 22 stones for 28 gold pieces
 74301 | Vaults:5 | Entered Level 5 of the Vaults
 74304 | Vaults:5 | Noticed Frederick
 74338 | Vaults:5 | Killed Frederick
 74694 | Vaults:5 | Reached skill level 27 in Axes
 75089 | Vaults:5 | Learned a level 3 spell: Regeneration
 75139 | Vaults:5 | Noticed feamirim's ghost (adept DsFi)
 75169 | Vaults:5 | Killed feamirim's ghost
 75693 | Vaults:5 | Got a dazzling falchion {slice}
 76122 | Vaults:5 | Got a blackened short sword {freeze}
 76125 | Vaults:5 | Got a dazzling shield
 76267 | Vaults:5 | Got an uncursed fine dagger {flame}
 76855 | Vaults:5 | Identified the +4 shield of Xutua {+Inv Regen+ rCorr} (You took it off an orc warrior on level 5 of the Vaults)
 76859 | Vaults:5 | Got a heavily runed plate armour
 76870 | Vaults:5 | Identified the +3 plate armour of the True Pharaoh {-Tele rPois MR+} (You found it on level 5 of the Vaults)
 76974 | Vaults:5 | Got a pitted wooden ring
 76975 | Vaults:5 | Identified the ring of Xom's Capriciousness {Str+5 Stlth-} (You found it on level 5 of the Vaults)
 77025 | Vaults:5 | Got a bloodstained hunting sling
 77026 | Vaults:5 | Identified the +12 hunting sling of Discomfort {venom, *Slow rF+ rN+ Int+3} (You took it off a vault sentinel on level 5 of the Vaults)
 77403 | Vaults:5 | Got a silver rune of Zot
 77407 | Vaults:5 | Got a scorched copper ring
 77408 | Vaults:5 | Identified the cursed ring of Scepticism {*Contam MR+++ Dex+3 Slay-4 Stlth+} (You found it on level 5 of the Vaults)
 77738 | D:13     | Bought a potion of haste for 490 gold pieces
 77975 | Zot:1    | Entered Level 1 of the Realm of Zot
 79855 | Zot:2    | Noticed an orb of fire
 79870 | Zot:2    | Gained mutation: Armour fits poorly on your strangely shaped body. [an orb of fire]
 79871 | Zot:2    | Killed an orb of fire
 80424 | Zot:2    | Upgraded the game from 0.20-a0-910-gb611367 to 0.20-a0-920-gb18bc0f
 83078 | Zot:5    | Entered Level 5 of the Realm of Zot
 83540 | Zot:5    | Iwannabefree: sup
 83540 | Zot:5    | Iwannabefree: ??hunting sling
 83540 | Zot:5    | beem: hunting sling[1/1]: 7/9 base damage (with stones & sling bullets respectively), 1.2 base delay, 0.6 mindelay. One-handed. Smaller than a {greatsling}.
 83540 | Zot:5    | Iwannabefree: malo dmg zhe
 83540 | Zot:5    | Goblin1989: привет
 83590 | Zot:5    | Iwannabefree: хаха
 83590 | Zot:5    | Iwannabefree: две телетрапы
 83590 | Zot:5    | Goblin1989: да
 83590 | Zot:5    | Iwannabefree: но ты лягуха поэтому можешь перепрыгнуть
 83590 | Zot:5    | Goblin1989: уже хотел пожаловаться тебе
 83590 | Zot:5    | Goblin1989: разве?
 83590 | Zot:5    | Goblin1989: ну-ка потестим
 83590 | Zot:5    | Iwannabefree: а разве нет
 83611 | Zot:5    | Iwannabefree: я блинком перепрыгивал
 83685 | Zot:5    | Iwannabefree: чет у тебя шмот бичевский сильно
 83685 | Zot:5    | Iwannabefree: 26 26 к зоту это хуйня
 83685 | Zot:5    | Iwannabefree: у меня столько в стиме было
 83685 | Zot:5    | Goblin1989: и поэтому всего 3 руны
 83770 | Zot:5    | Iwannabefree: +0 плит
 83773 | Zot:5    | Iwannabefree: meh
 83775 | Zot:5    | Noticed an ancient lich
 83781 | Zot:5    | Killed an ancient lich
 83781 | Zot:5    | Reached skill level 10 in Evocations
 83787 | Zot:5    | Noticed an orb of fire
 83787 | Zot:5    | Iwannabefree: на месте стой
 83787 | Zot:5    | Iwannabefree: блинк отрегенится
 83787 | Zot:5    | Iwannabefree: и забафайся в фоге
 83794 | Zot:5    | Noticed an orb of fire
 83794 | Zot:5    | Iwannabefree: чет ты все не так делаешь
 83794 | Zot:5    | Goblin1989: идея хорошая, кстати
 83794 | Zot:5    | Gained mutation: Your body sometimes deteriorates upon taking damage. [an orb of fire]
 83796 | Zot:5    | Goblin1989: ну да, неправильно бафаюсь
 83796 | Zot:5    | Goblin1989: надо бвло сперва абилку жать, а потом то чего нехватает допивать
 83796 | Zot:5    | Iwannabefree: да можно и банками
 83796 | Zot:5    | Gained mutation: You are clumsy. (Dex -2) [an orb of fire]
 83796 | Zot:5    | Iwannabefree: их хватает обычно на 3 руны
 83796 | Zot:5    | Goblin1989: ну у меня же гозаг
 83796 | Zot:5    | Iwannabefree: нинужнозаг
 83796 | Zot:5    | Goblin1989: путь отрабатывает
 83797 | Zot:5    | Iwannabefree: ты кстати не купил зот
 83801 | Zot:5    | Noticed an orb of fire
 83801 | Zot:5    | Killed an orb of fire
 83809 | Zot:5    | Iwannabefree: апасна
 83809 | Zot:5    | Iwannabefree: покупать нада было
 83809 | Zot:5    | Goblin1989: в смысле - не купил?
 83809 | Zot:5    | Iwannabefree: ??bribe
 83809 | Zot:5    | beem: bribe branch[1/1]: Gozag ability which costs 3000 gold. While active, monsters have a chance to become either friendly or "good-neutral" (like freed slaves) when seeing you, until your money wears out, upon which time they become pacified.
 83809 | Zot:5    | Goblin1989: рано
 83809 | Zot:5    | Iwannabefree: >2 оофа и электроголем в лосе
 83809 | Zot:5    | Iwannabefree: >рано
 83809 | Zot:5    | Goblin1989: пусть деньга останется на всякий случай
 83809 | Zot:5    | Iwannabefree: я на входе в лангс покупал
 83809 | Zot:5    | Iwannabefree: ну то есть в финальный вольт
 83809 | Zot:5    | Goblin1989: ну ок
 83809 | Zot:5    | Goblin1989: послушаюсь, ибо я в старые версии в основном играю
 83810 | Zot:5    | Goblin1989: не понял
 83810 | Zot:5    | Goblin1989: а где статус-то?
 83810 | Zot:5    | Goblin1989: а
 83810 | Zot:5    | Goblin1989: есть статус
 83810 | Zot:5    | Goblin1989: зато все остальные эффекты отвалились
 83810 | Zot:5    | Iwannabefree: eto drakon
 83810 | Zot:5    | Goblin1989: херово
 83810 | Zot:5    | Iwannabefree: tobi pezda
 83810 | Zot:5    | Iwannabefree: rip goblern 3.25.2017
 83813 | Zot:5    | Lost mutation: Your mind is acute. (Int +2) [an orb of fire]
 83816 | Zot:5    | Iwannabefree: хасты нехватает
 83824 | Zot:5    | Killed an orb of fire
 83826 | Zot:5    | Killed an orb of fire
 83829 | Zot:5    | Lost mutation: Your body sometimes deteriorates upon taking damage. [potion of mutation]
 83829 | Zot:5    | Lost mutation: You are clumsy. (Dex -2) [potion of mutation]
 83829 | Zot:5    | Gained mutation: Your natural rate of healing is unusually fast. [potion of mutation]
 83883 | Zot:5    | Noticed an ancient lich
 83887 | Zot:5    | Noticed an orb of fire
 83889 | Zot:5    | Noticed an orb of fire
 83892 | Zot:5    | Killed an ancient lich
 83897 | Zot:5    | Noticed an ancient lich
 83909 | Zot:5    | Killed an ancient lich
 83911 | Zot:5    | Killed an orb of fire
 83912 | Zot:5    | Noticed an orb of fire
 83924 | Zot:5    | Killed an orb of fire
 84013 | Zot:5    | Got the Orb of Zot
 84103 | Zot:2    | NormalPerson7: You don't need to teleport out of the orb chamber. It's just unnecessary risk - you could be thrown into the other half.
 84529 | D:10     | Noticed Jojaq the pandemonium lord
 84534 | D:10     | Noticed an ancient lich
 84548 | D:10     | Noticed Ymuewit the pandemonium lord
 84622 | D:7      | Noticed Efuch the pandemonium lord
 84703 | D:5      | Gained mutation: You are weak. (Str -2) [a neqoxec]
 84718 | D:5      | Gained mutation: You tend to lose your temper in combat. [a neqoxec]
 84809 | D:4      | Noticed Lirei the pandemonium lord
 84835 | D:4      | Killed Lirei the pandemonium lord
 84945 | D:1      | Goblin1989: как-то реально тяжко орб выносить в таком бомжовском одеянии
 84945 | D:1      | Goblin1989: особенно когда за твоей шкуркой по всему данжу лорды охоту устравивают
 84972 | D:$      | Escaped with the Orb!

Vault maps used:
D:1:      roderic_octagonal_star, minmay_unequal
D:2:      nicolae_overflow_crystal_walls, nicolae_gozag_zags_fifth_avenue,
          xom_redecorated, uniq_jessica
D:3:      first_bread, minmay_surrounded
D:4:      kennysheep_mini_moat, lemuel_zombie_altar_yredelemnul,
          gammafunk_temple_overflow_forgotten, serial_shops,
          nicolae_shop_crystal
D:5:      slow_altar_2, kennysheep_mini, minmay_misc_feat_roman, uniq_menkaure
D:6:      lemuel_doored_altar, lemuel_coloured_pillars_altar,
          minmay_temple_entry_overgrown, hangedman_decor_diamond_cutter,
          trog_ov_bears_minmay, uniq_prince_ribbit1, uniq_blork_the_orc
D:7:      uniq_pikel
D:8:      uniq_maurice
D:9:      gammafunk_temple_overflow_pools, blue_anna_alchemist
D:10:     enter_trove_3, minmay_protected_statue
D:11:     minmay_lair_entry_lava, erik_orc_3, serial_shops, shop, minivault_26,
          uniq_nergalle
D:12:     evilmike_ruin_ashenzari, uniq_kirke
D:13:     kennysheep_demon_hangout, david_vaults_4, hangedman_decor_growths,
          uniq_rupert, uniq_frances
D:14:     corexii_corridor_pit, uniq_snorg
D:15:     grunt_enter_depths_snipers, fedhas_altar_2, nicolae_two_hexagons,
          uniq_azrael
Lair:1:   statuecave_lemuel
Lair:2:   lemuel_reptile_caves, minivault_24
Lair:3:   minmay_shoals_entry_lonely_mermaid, guppyfry_snake_entry_island,
          grunt_megastairs_4
Lair:4:   hangedman_lair_unloving_vines, minmay_lair_oklob_chamber,
          lemuel_fruit_fields
Lair:5:   dpeg_slime_entry_enclosed_altar, grunt_forest_large_clearings,
          infiniplex_staircase_pool
Lair:6:   grunt_lair_end_beastmaster, lemuel_fruit_fields, serial_bayou_shore_b
Shoals:1: nicolae_shoals_arrival_archipelago
Shoals:4: shoals_end_simple, shoals_ilsuiw_ice
Snake:3:  minmay_shop_star, uniq_vashnia, uniq_donald
Snake:4:  snake_pit, serial_shops, shop, uniq_louise, uniq_asterion
Orc:1:    serial_shops, shop, nicolae_volcano_entry_lava_flow
Orc:2:    st_orc_rangers, basic_altar
Elf:1:    serial_shops, shop, nicolae_shop_waterfront, shop_statue, shop,
          minmay_elf_demonology
Elf:2:    serial_shops, nicolae_shop_trees, serial_glass, glass_columns_a,
          glass_columns_a, glass_columns_c, glass_columns_c
Elf:3:    elf_hall, portal_ice_cave_entry_pillars_three, minmay_shop_grove
Vaults:1: vaults_mumra_lcd, nicolae_vaults_little_squares_3, v_misc_18,
          ontoclasm_vaults_loading_screen, serial_shops, nicolae_shop_trees
Vaults:2: minmay_crypt_entry_simple_round, hangedman_vaults_nails,
          nicolae_vaults_an_arrangement, v_pattern_2, ontoclasm_vaults_chip,
          v_rooms_4, nicolae_vaults_network_s, v_misc_22,
          nicolae_vaults_what_the_h, v_misc_19, uniq_margery
Vaults:3: vaults_dpeg_hooks, minmay_guarded_unrand_guard_vaults,
          hangedman_vaults_hat, vaults_mumra_hexcomb, v_rooms_1, v_rooms_2,
          v_misc_16, v_alt_pattern_4, nicolae_vaults_windows_and_doors_thing,
          ontoclasm_vaults_loading_screen, vaults_room_hallway
Vaults:4: v_misc_9, hangedman_vaults_snaps, nicolae_vaults_triangles, v_misc_9,
          hangedman_vaults_river_flow, nicolae_vaults_little_squares_3,
          nicolae_vaults_ring_of_whatevers, serial_shops, nicolae_shop_trees,
          uniq_aizul, uniq_bai_suzhen, uniq_mennas
Vaults:5: uniq_frederick
Crypt:1:  grunt_crypt_arrival_split, uniq_jory, uniq_saint_roka
Crypt:2:  minigarden_bobbens
Crypt:3:  grunt_crypt_end_deaths_head, uniq_jorgrun
Depths:1: hex_medium, mu_enter_wizlab_7, hellmouth_3, kennysheep_generic_room_13
Depths:2: grunt_twist_and_shout, enter_ziggurat_e, rand_demon_pan_entry_9,
          serial_shops, kennysheep_little_box, hell_entry,
          corexii_hall_statues_s, minmay_staircase_statues
Depths:3: grunt_runaround, hell_entry, pan_entry
Depths:4: minmay_guarded_unrand_guard, abyss_entry_crystal,
          minmay_misc_feat_four_crosses, hell_entry,
          infiniplex_staircase_spiral, kennysheep_random_hallway
Depths:5: grunt_zot_entry_tricorne, pan_entry, hell_entry,
          abyss_entry_flame_altar, grunt_decor_arrowhead, serial_bayou_shore_b,
          serial_bayou_shore_b, serial_bayou_shore_b
Zot:1:    grunt_megastairs_2
Zot:2:    grunt_ministairs_2
Zot:3:    hangedman_spider_trapstep
Zot:4:    hangedman_elemental_grid_stream
IceCv:    ice_cave_statue_garden_chambered
Volcano:  volcano_lake
WizLab:   wizlab_cloud

Skill      XL: |  1  2  3  4  5  6  7  8  9 10 11 12 13 14 15 16 17 18 19 20 21 22 23 24 25 26 27 |
---------------+----------------------------------------------------------------------------------+-----
Maces & Flails | 3 4 6 8 9 12 13 14 | 14.8
Fighting       | 5 7 8 9 11 12 13 14 15 16 17 18 19 20 21 22 26 | 26.5
Armour         | 5 6 8 9 11 12 14 15 16 17 18 19 20 25 | 25.7
Shields        | 4 6 7 8 10 11 12 13 14 15 | 15.0
Dodging        | 2 3 4 7 9 10 11 12 13 14 15 16 17 22 | 22.8
Evocations     | 4 5 11 | 11.3
Slings         | 4 7 9 11 12 13 14 | 14.0
Axes           | 7 10 12 14 15 17 18 19 21 22 23 24 25 27 | 27.0

Action                   |  1- 3 |  4- 6 |  7- 9 | 10-12 | 13-15 | 16-18 | 19-21 | 22-24 | 25-27 || total
-------------------------+-------+-------+-------+-------+-------+-------+-------+-------+-------++-------
Melee: Flail             |    81 |   235 |   323 |  1074 |   646 |     9 |       |       |       ||  2368
       Mace              |       |       |       |       |     4 |       |       |       |       ||     4
       Broad axe         |       |       |       |       |   517 |   879 |  1334 |  1502 |  1933 ||  6165
       Bite              |       |       |       |       |       |       |    46 |   284 |   419 ||   749
 Fire: Blowgun           |       |       |     3 |    17 |     1 |       |       |       |       ||    21
       Fustibalus        |       |       |       |    31 |     9 |   357 |    52 |    43 |   538 ||  1030
       Hunting sling     |       |       |       |       |       |       |       |       |   637 ||   637
Invok: Call Merchant     |       |       |       |     1 |     4 |     1 |     1 |     1 |     6 ||    14
       Potion Petition   |       |       |       |       |     2 |     1 |     3 |     3 |     3 ||    12
       Bribe Branch      |       |       |       |       |       |       |       |       |     1 ||     1
 Abil: Hop               |       |       |       |     1 |     4 |       |     2 |     4 |     7 ||    18
       Evoke Invisibilit |       |       |       |       |     1 |       |       |       |       ||     1
       Evoke Flight      |       |       |       |       |       |     1 |       |     2 |       ||     3
Evoke: Wand              |       |       |       |     6 |     6 |       |       |     3 |     7 ||    22
       Lightning rod     |       |       |       |       |       |     4 |       |       |     1 ||     5
  Use: Potion            |       |     1 |       |     6 |     8 |     3 |     8 |     5 |    19 ||    50
       Scroll            |       |       |       |     8 |    21 |    12 |     5 |     8 |    25 ||    79
 Stab: Distracted        |       |       |       |     5 |     9 |     7 |    16 |    26 |    33 ||    96
       Confused          |       |       |       |     3 |       |       |       |       |       ||     3
       Invisible         |       |       |       |       |     3 |     1 |       |       |       ||     4
  Eat: Royal jelly       |       |     1 |     1 |     4 |       |     3 |    10 |     3 |     5 ||    27
       Chunk             |       |     1 |     1 |       |       |       |       |       |       ||     2
       Bread ration      |       |     1 |     1 |       |     5 |     3 |     4 |     7 |    14 ||    35
       Fruit             |       |     4 |     3 |    35 |    26 |    22 |     1 |    13 |    10 ||   114
       Meat ration       |       |       |     1 |     1 |       |       |       |       |       ||     2
Armor: Scale mail        |    31 |   118 |   135 |   113 |       |       |       |       |       ||   397
       Plate armour      |       |       |       |   404 |   665 |   266 |   257 |   294 |   390 ||  2276
Dodge: Dodged            |    32 |    78 |    85 |   234 |   257 |   216 |   293 |   490 |   844 ||  2529
Block: Shield            |    53 |   125 |   132 |   482 |   602 |   528 |   743 |  1236 |  1440 ||  5341
       Large shield      |       |       |       |       |   170 |   239 |       |       |       ||   409
       Reflection        |       |       |       |       |       |    79 |    72 |   139 |    64 ||   354

Vault maps used:
D:1:      roderic_octagonal_star, minmay_unequal
D:2:      nicolae_overflow_crystal_walls, nicolae_gozag_zags_fifth_avenue,
          xom_redecorated, uniq_jessica
D:3:      first_bread, minmay_surrounded
D:4:      kennysheep_mini_moat, lemuel_zombie_altar_yredelemnul,
          gammafunk_temple_overflow_forgotten, serial_shops,
          nicolae_shop_crystal
D:5:      slow_altar_2, kennysheep_mini, minmay_misc_feat_roman, uniq_menkaure
D:6:      lemuel_doored_altar, lemuel_coloured_pillars_altar,
          minmay_temple_entry_overgrown, hangedman_decor_diamond_cutter,
          trog_ov_bears_minmay, uniq_prince_ribbit1, uniq_blork_the_orc
D:7:      uniq_pikel
D:8:      uniq_maurice
D:9:      gammafunk_temple_overflow_pools, blue_anna_alchemist
D:10:     enter_trove_3, minmay_protected_statue
D:11:     minmay_lair_entry_lava, erik_orc_3, serial_shops, shop, minivault_26,
          uniq_nergalle
D:12:     evilmike_ruin_ashenzari, uniq_kirke
D:13:     kennysheep_demon_hangout, david_vaults_4, hangedman_decor_growths,
          uniq_rupert, uniq_frances
D:14:     corexii_corridor_pit, uniq_snorg
D:15:     grunt_enter_depths_snipers, fedhas_altar_2, nicolae_two_hexagons,
          uniq_azrael
Lair:1:   statuecave_lemuel
Lair:2:   lemuel_reptile_caves, minivault_24
Lair:3:   minmay_shoals_entry_lonely_mermaid, guppyfry_snake_entry_island,
          grunt_megastairs_4
Lair:4:   hangedman_lair_unloving_vines, minmay_lair_oklob_chamber,
          lemuel_fruit_fields
Lair:5:   dpeg_slime_entry_enclosed_altar, grunt_forest_large_clearings,
          infiniplex_staircase_pool
Lair:6:   grunt_lair_end_beastmaster, lemuel_fruit_fields, serial_bayou_shore_b
Shoals:1: nicolae_shoals_arrival_archipelago
Shoals:4: shoals_end_simple, shoals_ilsuiw_ice
Snake:3:  minmay_shop_star, uniq_vashnia, uniq_donald
Snake:4:  snake_pit, serial_shops, shop, uniq_louise, uniq_asterion
Orc:1:    serial_shops, shop, nicolae_volcano_entry_lava_flow
Orc:2:    st_orc_rangers, basic_altar
Elf:1:    serial_shops, shop, nicolae_shop_waterfront, shop_statue, shop,
          minmay_elf_demonology
Elf:2:    serial_shops, nicolae_shop_trees, serial_glass, glass_columns_a,
          glass_columns_a, glass_columns_c, glass_columns_c
Elf:3:    elf_hall, portal_ice_cave_entry_pillars_three, minmay_shop_grove
Vaults:1: vaults_mumra_lcd, nicolae_vaults_little_squares_3, v_misc_18,
          ontoclasm_vaults_loading_screen, serial_shops, nicolae_shop_trees
Vaults:2: minmay_crypt_entry_simple_round, hangedman_vaults_nails,
          nicolae_vaults_an_arrangement, v_pattern_2, ontoclasm_vaults_chip,
          v_rooms_4, nicolae_vaults_network_s, v_misc_22,
          nicolae_vaults_what_the_h, v_misc_19, uniq_margery
Vaults:3: vaults_dpeg_hooks, minmay_guarded_unrand_guard_vaults,
          hangedman_vaults_hat, vaults_mumra_hexcomb, v_rooms_1, v_rooms_2,
          v_misc_16, v_alt_pattern_4, nicolae_vaults_windows_and_doors_thing,
          ontoclasm_vaults_loading_screen, vaults_room_hallway
Vaults:4: v_misc_9, hangedman_vaults_snaps, nicolae_vaults_triangles, v_misc_9,
          hangedman_vaults_river_flow, nicolae_vaults_little_squares_3,
          nicolae_vaults_ring_of_whatevers, serial_shops, nicolae_shop_trees,
          uniq_aizul, uniq_bai_suzhen, uniq_mennas
Vaults:5: uniq_frederick
Crypt:1:  grunt_crypt_arrival_split, uniq_jory, uniq_saint_roka
Crypt:2:  minigarden_bobbens
Crypt:3:  grunt_crypt_end_deaths_head, uniq_jorgrun
Depths:1: hex_medium, mu_enter_wizlab_7, hellmouth_3, kennysheep_generic_room_13
Depths:2: grunt_twist_and_shout, enter_ziggurat_e, rand_demon_pan_entry_9,
          serial_shops, kennysheep_little_box, hell_entry,
          corexii_hall_statues_s, minmay_staircase_statues
Depths:3: grunt_runaround, hell_entry, pan_entry
Depths:4: minmay_guarded_unrand_guard, abyss_entry_crystal,
          minmay_misc_feat_four_crosses, hell_entry,
          infiniplex_staircase_spiral, kennysheep_random_hallway
Depths:5: grunt_zot_entry_tricorne, pan_entry, hell_entry,
          abyss_entry_flame_altar, grunt_decor_arrowhead, serial_bayou_shore_b,
          serial_bayou_shore_b, serial_bayou_shore_b
Zot:1:    grunt_megastairs_2
Zot:2:    grunt_ministairs_2
Zot:3:    hangedman_spider_trapstep
Zot:4:    hangedman_elemental_grid_stream
IceCv:    ice_cave_statue_garden_chambered
Volcano:  volcano_lake
WizLab:   wizlab_cloud
